 Dungeon Crawl Stone Soup version 0.32-a0-540-g866d13106e (webtiles) character file.

Game seed: 13872323556579127167

12459 ezpacito the Trooper (level 11, -10/75 HPs)
             Began as a Demonspawn Chaos Knight on Feb 29, 2024.
             Was a Plaything of Xom.
             Mangled by an ogre
             ... wielding a +0 giant club
             ... led by Lodul
              (26 damage)
             ... on level 10 of the Dungeon.
             The game lasted 00:21:34 (9435 turns).

ezpacito the Trooper (Demonspawn Chaos Knight)      Turns: 9435, Time: 00:21:34

Health: -10/75     AC: 16    Str: 14    XL:     11   Next: 62%
Magic:  19/19      EV:  8    Int: 13    God:    Xom [..*...]
Gold:   515        SH:  4    Dex: 13    Spells: 2/21 levels left

rFire   + . .        a - +0 hand axe (chaos)
rCold   + . .        N - +0 buckler
rNeg    . . .        v - +3 chain mail "Trusted Companion" {Regen+}
rPois   +            (helmet unavailable)
rElec   +            (no cloak)
rCorr   +            (no gloves)
SInv    .            (no boots)
Will    .....        D - amulet of regeneration Stlth
                     O - ring of resist corrosion
HPRegen 1.92/turn    (no ring)
MPRegen 0.16/turn

%: no passive effects
@: resistant, hasted (expiring), studying Evocations, invisible, very quick
A: horns 3, slimy green scales 2, demonic magic 1, clumsy 1, frail 1
a: Renounce Religion


You were on level 10 of the Dungeon.
You worshipped Xom.
You were a toy of Xom.
You visited 2 branches of the dungeon, and saw 11 of its levels.
You also visited: Bailey.

You collected 742 gold pieces.
You spent 227 gold pieces at shops.

Inventory:

Hand Weapons
 a - a +0 hand axe of chaos (weapon)
 k - a +0 war axe of freezing
 l - the +9 rapier of Defence {flame, *Noise rPois rN++ Stlth+}
   (You took it off an orc on level 9 of the Dungeon)

   rPois:     It protects you from poison rN++: It greatly protects you from
   negative energy.
   *Noise:    It may make a loud noise when swung.
   Stlth+:    It makes you more stealthy.
 x - a +4 vampiric executioner's axe
 P - a +1 scimitar of flaming
Missiles
 f - 5 atropa-tipped darts (quivered)
 u - 20 poisoned darts
 E - 2 throwing nets
Armour
 t - a +0 plate armour of cold resistance
 v - the +3 chain mail "Trusted Companion" (worn) {Regen+}
   (You found it on level 3 of the Dungeon)

   Regen+:    It increases your rate of health regeneration.
 B - +0 acid dragon scales
 M - the +0 leather armour of the Harp {rPois Will+ Int+3}
   (You found it on level 9 of the Dungeon)

   Int+3:     It affects your intelligence (+3).
   rPois:     It protects you from poison Will+: It increases your willpower.
 N - a +0 buckler (worn)
Magical Staves
 i - a staff of cold
 F - a staff of earth
Jewellery
 s - an amulet of guardian spirit
 D - an amulet of regeneration (around neck)
 O - a ring of resist corrosion (left hand)
Talismans
 G - a blade talisman
Wands
 b - a wand of digging (3)
 C - a wand of paralysis (12)
 J - a wand of flame (26)
Scrolls
 d - 2 scrolls of immolation
 e - 4 scrolls of poison
 g - 6 scrolls of enchant armour
 h - 4 scrolls of amnesia
 m - 2 scrolls of revelation
 n - 3 scrolls of blinking
 o - 3 scrolls of summoning
 q - 6 scrolls of enchant weapon
 w - 2 scrolls of teleportation
 y - 3 scrolls of noise
 H - a scroll of fog
Potions
 p - 5 potions of mutation
 z - a potion of lignification
 A - 4 potions of magic
 L - a potion of cancellation


   Skills:
 * Level 7.5 Fighting
 * Level 6.8(7.3) Axes
 + Level 3.9(5.8) Polearms
 - Level 4.1 Throwing
 * Level 6.4 Armour
 * Level 6.3 Dodging
 + Level 4.4 Stealth
 * Level 5.8 Unarmed Combat
 * Level 5.8 Spellcasting
 * Level 1.5 Conjurations
 * Level 3.3 Hexes
 * Level 1.3 Summonings
 * Level 3.6 Necromancy
 * Level 1.2 Alchemy
 + Level 4.5 Evocations


You had 2 spell levels left.
You knew the following spells:

 Your Spells              Type           Power      Damage    Failure   Level
a - Ensorcelled Hibernat  Hex/Ice        16%        N/A       93%         2
b - Fugue of the Fallen   Necr           13%        N/A       91%         3
c - Anguish               Hex/Necr       6%         N/A       100%        4
d - Fulminant Prism       Conj/Alch      3%         3d5       100%        4
e - Summon Cactus Giant   Summ           3%         N/A       100%        6

Your spell library contained the following spells:

 Spells                   Type           Power      Damage    Failure   Level
 Magic Dart               Conj           28%        1d4       86%         1
 Searing Ray              Conj           14%        2d5       94%         2
 Scorch                   Fire           6%         2d5       99%         2
 Flame Wave               Conj/Fire      5%         2d5       100%        4


Dungeon Overview and Level Annotations

Branches:
Dungeon (10/15)            Temple (1/1) D:6          Bailey (visited)
   Lair: D:8-11         Orc: D:9-12

Altars:
Ashenzari
Cheibriados
Dithmenos
Fedhas
Gozag
Hepliaklqana
Kikubaaqudgha
Makhleb
Nemelex Xobeh
Okawaru
Qazlal
Ru
Sif Muna
Trog
Uskayaw
Vehumet
Wu Jian
Xom
Yredelemnul

Shops:
D:6 *

Annotations:
D:10 Lodul
Temple 2 transporters


Innate Abilities, Weirdness & Mutations

You have a pair of large horns on your head.
You are mostly covered in slimy green scales. (AC +3)
Spells you cast may paralyse adjacent enemies.
You are clumsy. (Dex -2)
You are frail. (-10% HP)


Message History

Lightning courses through Lodul!! The ogre barely misses you.
The ogre hits you with a +0 giant spiked club!
Lodul hits you with a +1 dire flail of protection!
* * * LOW HITPOINT WARNING * * *
You are too confused!
Okay, then.
Okay, then.
You are too confused!
You are too confused!
Unknown command.
You closely miss Lodul. Your headbutt misses Lodul.
Lodul is severely wounded.
You hit the ogre.
The ogre convulses.
You hit the ogre.
You kill the ogre!
You're too confused to move!
The ogre closely misses you.
You closely miss Lodul.
Lodul is severely wounded.
You barely miss the ogre. You completely miss the ogre.
The ogre barely misses you.
Lodul hits you with a +1 dire flail of protection!
* * * LOW HITPOINT WARNING * * *
The ogre hits you but does no damage.
You bump into the rock wall.
You feel less invigorated.
You feel less confused.
Your butterfly disappears in a puff of smoke!
Unknown command.
Blink to where?
Press: ? - help, Dir - move target, f - you
Okay, then.
As you read the scroll of fear, it crumbles to dust.
You assume a fearsome visage.
Lodul looks frightened!
The ogre looks frightened! x3
Your extra speed is starting to run out.
You hit the ogre but do no damage.
Your attack snaps the ogre out of its fear.
You headbutt the ogre.
The ogre is lightly wounded.
The ogre hits you with a +0 giant club!!
You die...
Xom giggles madly!

#..########
#..........
#..........
#.######### #.#
#.# #.#
#.############...
#.)@).O....OOO...
#...O..O...bOO...
#.ยง##########O...
#O.# ... #..# .
โˆ† #..# #..# #...
โˆ† โˆ†


You could see Lodul (unable to see you, fleeing) and 3 ogres.

Vanquished Creatures
  Erica (D:10)
  2 two-headed ogres
  An orc knight (Bailey)
  A hornet (D:7)
  Sigmund (D:4)
  11 yaks
  2 wyverns
  A wraith (D:9)
  A steam dragon (D:6)
  2 acid dragons (D:10)
  A water moccasin (D:6)
  11 orc warriors
  A black bear (D:6)
  6 ogres
  8 centaurs
  2 phantoms (D:5)
  3 kobold brigands
  A scorpion (D:5)
  A gnoll sergeant (D:6)
  2 bullfrogs
  A ballistomycete (D:5)
  5 killer bees (D:7)
  4 howler monkeys
  6 hounds
  2 jellies
  An orc priest (D:3)
  2 bombardier beetles
  4 gnoll boudas
  A sleepcap (D:7)
  3 iguanas
  8 orc wizards
  7 adders
  21 gnolls
  A shadow imp (D:7)
  3 white imps
  2 ufetubi (D:5)
  3 dart slugs
  2 ribbon worms (D:2)
  43 orcs
  8 ball pythons
  6 endoplasms
  3 giant cockroaches
  6 hobgoblins
  5 jackals
  13 kobolds
  2 quokkas
  5 bats
  5 frilled lizards
  12 goblins
  8 rats
251 creatures vanquished.

Vanquished Creatures (collateral kills)
  2 orc knights (Bailey)
  3 yaks (D:6)
  2 orc warriors (D:9)
  3 centaurs (D:9)
  A hound (D:5)
  A gnoll (D:6)
12 creatures vanquished.

Vanquished Creatures (others)
  A yak (D:6)
  An orc warrior (D:9)
  A gnoll bouda (D:9)
  An adder (D:6)
  3 ballistomycete spores (D:5)
7 creatures vanquished.

Grand Total: 270 creatures vanquished

Notes
Turn   | Place    | Note
-------+----------+-------------------------------------------
     0 | D:1      | ezpacito the Demonspawn Chaos Knight began the quest for
                  | the Orb.
     0 | D:1      | Reached XP level 1. HP: 18/18 MP: 1/1
    34 | D:1      | XOM: butterfly on damage
   117 | D:1      | XOM: noise
   147 | D:1      | XOM: noise
   184 | D:1      | Reached skill level 1 in Dodging
   191 | D:1      | Gained mutation: You have a pair of small horns on your
                  | head. [demonic ancestry]
   191 | D:1      | Reached XP level 2. HP: 24/24 MP: 2/2
   584 | D:1      | Reached XP level 3. HP: 29/29 MP: 3/3
  1019 | D:1      | XOM: god gift: 49 gold pieces
  1038 | D:2      | Reached skill level 1 in Unarmed Combat
  1113 | D:2      | XOM: divination: detect creatures
  1243 | D:2      | XOM: god gift: book of Dreams
  1443 | D:2      | Reached skill level 1 in Spellcasting
  1470 | D:2      | XOM: 2-stop teleportation journey
  1529 | D:2      | Gained mutation: You are partially covered in slimy green
                  | scales. (AC +2) [demonic ancestry]
  1529 | D:2      | Reached XP level 4. HP: 35/35 MP: 5/5
  1620 | D:2      | XOM: 3-stop teleportation journey
  2021 | D:3      | Identified the +3 chain mail "Trusted Companion" {Regen+}
  2107 | D:3      | Found a hazy altar of Hepliaklqana.
  2236 | D:3      | Found a shimmering altar of Xom.
  2361 | D:3      | Found Qyijut's Magic Scroll Shop.
  2366 | D:3      | Bought a scroll of identify for 26 gold pieces
  2366 | D:3      | Bought a scroll of identify for 26 gold pieces
  2366 | D:3      | Bought a scroll of identify for 26 gold pieces
  2366 | D:3      | Bought a scroll of identify for 26 gold pieces
  2366 | D:3      | Bought a scroll of noise for 13 gold pieces
  2381 | D:3      | XOM: silly message
  2394 | D:3      | XOM: silly message
  2399 | D:3      | Reached skill level 1 in Throwing
  2399 | D:3      | Reached XP level 5. HP: 41/41 MP: 4/6
  2444 | D:3      | XOM: divination: detect items
  2491 | D:3      | XOM: divination: detect creatures
  2623 | D:3      | Found a shimmering blue altar of Sif Muna.
  2912 | D:4      | Reached skill level 1 in Stealth
  2930 | D:4      | Reached skill level 1 in Polearms
  3023 | D:4      | XOM: cast spell 'Olgreb's Toxic Radiance'
  3028 | D:4      | Reached skill level 1 in Evocations
  3028 | D:4      | Gained mutation: You are mostly covered in slimy green
                  | scales. (AC +3) [demonic ancestry]
  3028 | D:4      | Reached XP level 6. HP: 48/48 MP: 8/8
  3125 | D:4      | XOM: enchant monster (good)
  3137 | D:4      | XOM: cast spell 'Fugue of the Fallen'
  3423 | D:4      | XOM: cloud trail
  3642 | D:5      | Entered Level 5 of the Dungeon
  3642 | D:5      | Noticed Sigmund
  3642 | D:5      | Found a shimmering blue altar of Sif Muna.
  3642 | D:5      | XOM: cast spell 'Olgreb's Toxic Radiance'
  3647 | D:4      | Killed Sigmund
  3648 | D:4      | Gained mutation: You have a pair of horns on your head.
                  | [demonic ancestry]
  3648 | D:4      | Reached XP level 7. HP: 53/53 MP: 8/10
  3660 | D:5      | Reached skill level 4 in Fighting
  3692 | D:5      | XOM: silly message
  3696 | D:5      | Found an iron altar of Okawaru.
  3743 | D:5      | Found an ornate altar of the Wu Jian Council.
  3743 | D:5      | Found an ancient bone altar of Kikubaaqudgha.
  3947 | D:5      | XOM: smoke on damage
  4004 | D:5      | XOM: divination: detect creatures
  4148 | D:5      | XOM: silly message
  4214 | D:5      | Found a burning altar of Makhleb.
  4227 | D:5      | Found a sparkling altar of Nemelex Xobeh.
  4227 | D:5      | Found a bloodstained altar of Trog.
  4230 | D:5      | Found a basalt altar of Yredelemnul.
  4255 | D:5      | XOM: smoke on damage
  4354 | D:5      | Reached XP level 8. HP: 55/61 MP: 9/11
  4383 | D:5      | Found a sacrificial altar of Ru.
  4563 | D:3      | Bought a scroll of enchant armour for 97 gold pieces
  4563 | D:3      | Bought a scroll of noise for 13 gold pieces
  4654 | D:6      | Found Nucaur's Hallowed Reliquary.
  4655 | D:6      | Noticed an angel
  4740 | D:6      | XOM: silly message
  4747 | D:6      | Learned a level 2 spell: Ensorcelled Hibernation
  4751 | D:6      | Learned a level 3 spell: Fugue of the Fallen
  4756 | D:6      | Learned a level 4 spell: Anguish
  4782 | D:6      | XOM: divination: detect items
  4815 | D:6      | XOM: potion effect (experience)
  4815 | D:6      | Reached skill level 6 in Fighting
  4815 | D:6      | Reached skill level 5 in Axes
  4815 | D:6      | Reached skill level 5 in Armour
  4815 | D:6      | Reached skill level 5 in Dodging
  4815 | D:6      | Gained mutation: You have a pair of large horns on your
                  | head. [demonic ancestry]
  4815 | D:6      | Reached XP level 9. HP: 67/69 MP: 9/15
  4941 | D:6      | XOM: cast spell 'Summon Hydra'
  5066 | D:6      | Found a staircase to the Ecumenical Temple.
  5090 | Temple   | Found a transporter.
  5090 | Temple   | Found a transporter.
  5090 | Temple   | Found a transporter.
  5090 | Temple   | Found a transporter.
  5090 | Temple   | Entered the Ecumenical Temple
  5266 | D:6      | Found a hide-covered altar of Uskayaw.
  5579 | D:7      | Noticed a two-headed ogre
  5580 | D:7      | Found a flagged portal.
  5584 | D:7      | XOM: enchant monster (good)
  5588 | D:7      | XOM: cleaving
  5592 | D:7      | Killed a two-headed ogre
  5593 | D:7      | Reached skill level 5 in Unarmed Combat
  5593 | D:7      | Gained mutation: Spells you cast may paralyse adjacent
                  | enemies. [demonic ancestry]
  5593 | D:7      | Reached XP level 10. HP: 42/77 MP: 17/17
  5600 | D:7      | Reached skill level 5 in Spellcasting
  5611 | D:7      | XOM: god gift: runed mace {god gift}
  5618 | Bailey   | Entered a bailey
  5777 | Bailey   | Noticed an orc knight
  5778 | Bailey   | Noticed an orc knight
  5793 | Bailey   | Killed an orc knight
  5801 | Bailey   | Killed an orc knight
  5822 | Bailey   | Noticed an orc knight
  5831 | Bailey   | Killed an orc knight
  6348 | D:7      | XOM: silly message
  6407 | D:7      | Acquired a manual of Evocations
  6409 | D:7      | Acquired a +4 vampiric executioner's axe
  6423 | D:8      | XOM: stealth player
  6482 | D:7      | XOM: confuse monster(s)
  6490 | D:7      | XOM: potion effect (invisibility)
  6590 | D:8      | XOM: potion effect (attraction)
  6674 | D:7      | Reached skill level 7 in Fighting
  6685 | D:7      | Learned a level 4 spell: Fulminant Prism
  6692 | D:7      | Learned a level 6 spell: Summon Cactus Giant
  6695 | D:8      | XOM: confuse monster(s)
  6712 | D:7      | Reached XP level 11. HP: 83/84 MP: 19/19
  6776 | D:8      | Found a stormy altar of Qazlal.
  6967 | D:8      | XOM: potion effect (haste)
  6975 | D:8      | XOM: give mutations
  6975 | D:8      | Gained mutation: You are clumsy. (Dex -2) [Xom's mischief]
  6975 | D:8      | Gained mutation: You are frail. (-10% HP) [Xom's mischief]
  7087 | D:8      | XOM: 5-stop teleportation journey
  7228 | D:8      | XOM: summons 6 hostile demons
  7251 | D:8      | XOM: cloud trail
  7676 | D:9      | XOM: god gift: 58 gold pieces
  7895 | D:9      | Identified the +0 leather armour of the Harp {rPois Will+
                  | Int+3}
  8121 | D:9      | Reached skill level 1 in Conjurations
  8155 | D:9      | XOM: polymorph hornet -> rat
  8227 | D:9      | Reached skill level 1 in Summonings
  8322 | D:9      | Identified the +9 rapier of Defence {flame, *Noise rPois
                  | rN++ Stlth+}
  8536 | D:9      | XOM: enchant monster (good)
  8661 | D:9      | XOM: cast spell 'Chain of Chaos'
  8664 | D:9      | Reached skill level 1 in Alchemy
  8699 | D:9      | XOM: scenery: create altars
  8730 | D:9      | XOM: stat loss: -1 Int (12/13)
  8920 | D:10     | Entered Level 10 of the Dungeon
  8992 | D:10     | Found an opulent altar of Gozag.
  9303 | D:10     | Noticed a two-headed ogre
  9305 | D:10     | XOM: cast spell 'Cause Fear'
  9308 | D:10     | Noticed Erica
  9325 | D:10     | Killed a two-headed ogre
  9330 | D:10     | Killed Erica
  9394 | D:10     | Noticed Lodul
  9398 | D:10     | XOM: butterfly on damage
  9417 | D:10     | XOM: divination: detect items
  9435 | D:10     | Mangled by an ogre

Illustrated notes

Levels and vault maps discovered:
D:1:      denvon_arrival_planthouse, layout_loops_ring, serial_co_window_serial,
          co_window_corner_a, co_window_paths_a, co_window_paths_a,
          co_window_of_opportunity_a, co_window_corner_a, co_window_paths_a,
          co_window_2corner, co_window_unsneaky_path_c, co_window_corner_cb,
          glass_columns_a, glass_columns_a, glass_columns_a,
          minmay_misc_feat_cross, minmay_small_reverse_x
D:2:      layout_basic
D:3:      layout_loops_ring, nicolae_hepliaklqana_hazy_memory,
          mainiacjoe_overflow_small_starburst,
          mainiacjoe_overflow_surrounded_room, serial_shops, shop,
          moated_statue, minmay_cut_off
D:4:      layout_basic, dreamdust_gnoll_farm
D:5:      layout_basic, grunt_temple_overflow_open, minitemple,
          hangedman_feature_mirror, uniq_sigmund
D:6:      layout_loops_ring, nicolae_uskayaw_dance_hall,
          mainiacjoe_overflow_catwalk, minmay_temple_entry_gardened_gates,
          hangedman_decor_riveting, nicolae_good_shop
D:7:      layout_loops_cross, overflow_temple_1_default, enter_bailey_6,
          nrook_mini_backslash
D:8:      layout_layer_cave, mainiacjoe_overflow_chevrons, grunt_ministairs_13
D:9:      kennysheep_seaside_town, layout_cave_pods
D:10:     layout_long_grid, nicolae_gozag_cash_rules_everything_around_me,
          dreamdust_princess_bridge, kennysheep_crisscross,
          minmay_strange_pillars, nrook_mini_vaults, uniq_erica, uniq_lodul
Temple:   hellmonk_temple_divided_pantheon

Skill      XL: |  1  2  3  4  5  6  7  8  9 10 11 |
---------------+----------------------------------+-----
Dodging        | 1 2 3 5 6 |  6.3
Armour         | 2 3 5 6 |  6.4
Unarmed Combat | 1 2 4 5 |  5.8
Axes           | 3 5 6 |  6.8
Spellcasting   | 1 2 4 5 |  5.8
Throwing       | 1 2 3 4 |  4.1
Stealth        | 1 3 4 |  4.4
Polearms       | 1 3 |  3.9
Evocations     | 1 3 4 |  4.5
Fighting       | 4 6 7 |  7.5
Hexes          | 2 3 |  3.3
Necromancy     | 2 3 |  3.6
Conjurations   | 1 |  1.5
Summonings     | 1 |  1.3
Alchemy        | 1 |  1.2

Action                     |  1- 3 |  4- 6 |  7- 9 | 10-12 || total
---------------------------+-------+-------+-------+-------++-------
  Melee: Hand axe          |   110 |   120 |   195 |   501 ||   926
         Headbutt          |    11 |    20 |    40 |   122 ||   193
  Throw: Dart              |       |       |       |     1 ||     1
  Evoke: Wand              |       |       |       |    13 ||    13
    Use: Scroll            |       |     8 |     8 |    18 ||    34
         Potion            |       |     2 |     1 |    24 ||    27
   Stab: Sleeping          |     1 |     1 |       |       ||     2
         Paralysed         |       |     1 |       |    11 ||    12
         Confused          |       |       |     3 |     3 ||     6
         Held in net/web   |       |       |     1 |     2 ||     3
         Distracted        |       |       |     1 |       ||     1
         Invisible         |       |       |       |    27 ||    27
         Petrified         |       |       |       |     1 ||     1
         Petrifying        |       |       |       |     2 ||     2
 Armour: Leather armour    |    62 |    14 |       |       ||    76
         Chain mail        |       |    97 |   260 |   686 ||  1043
  Dodge: Dodged            |    70 |    31 |   102 |   393 ||   596
  Block: Buckler           |       |       |       |    11 ||    11

Table legend: (Time is in decaauts)
 A = Elapsed time spent in this place.
 B = Non-inter-level travel time spent in this place.
 C = Inter-level travel time spent in this place.
 D = Time resting spent in this place.
 E = Time spent auto-exploring this place.
 F = Levels seen in this place.
 G = Mean time per level.
                   A        B        C        D        E       F      G
               +--------+--------+--------+--------+--------+-----+--------+
         Total |   9476 |   8979 |    497 |     53 |   6731 |  12 |  789.7 |
       Dungeon |   9192 |   8696 |    496 |     41 |   6690 |  10 |  919.2 |
        Temple |      1 |      1 |      0 |      0 |      0 |   1 |    1.0 |
        Bailey |    282 |    282 |      0 |     12 |     41 |   1 |  282.0 |
               +--------+--------+--------+--------+--------+-----+--------+

Top non-repeatable levels by time:
     D:9: 1259 daAuts
     D:1: 1043 daAuts
     D:2: 990 daAuts
     D:4: 958 daAuts
     D:7: 958 daAuts
     D:8: 944 daAuts
     D:5: 916 daAuts
     D:6: 866 daAuts
     D:3: 727 daAuts
    D:10: 527 daAuts
  Bailey: 282 daAuts
  Temple: 1 daAuts
